 Dungeon Crawl Stone Soup version 0.29-a0-719-g0fec994a2d (webtiles) character file.

Game seed: 16704774734763978450

506 Bnni the Chopper (level 6, -1/49 HPs)
             Began as a Demonspawn Gladiator on June 27, 2022.
             Slain by an ogre
             ... wielding a +0 giant spiked club
              (27 damage)
             ... on level 4 of the Dungeon.
             The game lasted 00:05:14 (3694 turns).

Bnni the Chopper (Demonspawn Gladiator)             Turns: 3694, Time: 00:05:14

Health: -1/49      AC:  9    Str: 16    XL:     6   Next: 97%
Magic:  6/6        EV: 12    Int: 10    God:
Gold:   137        SH:  0    Dex: 14    Spells: 5/5 levels left

rFire   + . .      SeeInvis .   a - +0 war axe
rCold   . . .      Faith    .   (no shield)
rNeg    . . .      Spirit   .   x - +2 leather armour {rF+}
rPois   .          Reflect  .   c - +0 helmet
rElec   .          Harm     .   (no cloak)
rCorr   .          Rampage  .   (no gloves)
Will    .....                   v - +0 pair of boots
Stlth   +.........              (no amulet)
HPRegen 0.16/turn               (no ring)
MPRegen 0.10/turn               (no ring)

@: no status effects
A: icy blue scales 1, powered by death 1
a: no special abilities


You were on level 4 of the Dungeon.
You visited 1 branch of the dungeon, and saw 4 of its levels.

You collected 137 gold pieces.

Inventory:

Hand Weapons
 a - a +0 war axe (weapon)
Missiles
 d - 4 throwing nets (quivered)
 e - a javelin
 g - 4 poisoned darts
Armour
 c - a +0 helmet (worn)
 v - a +0 pair of boots (worn)
 x - a +2 leather armour of fire resistance (worn)
Scrolls
 f - a scroll of enchant weapon {unknown}
 j - a scroll of noise {unknown}
 m - a scroll of fog {unknown}
 o - 2 scrolls of magic mapping {unknown}
 p - a scroll of enchant armour {unknown}
 q - 2 scrolls of amnesia {unknown}
 r - 3 scrolls of identify {unknown}
 s - a scroll of fear {unknown}
 w - a scroll of teleportation {unknown}
Potions
 b - 2 potions of attraction {unknown}
 h - a potion of invisibility {unknown}
 i - a potion of degeneration {unknown}
 k - a potion of heal wounds {unknown}
 l - 3 potions of curing {unknown}
 n - a potion of berserk rage {unknown}
 t - 2 potions of lignification {unknown}
 u - a potion of might {unknown}


   Skills:
 + Level 4.5 Fighting
 * Level 6.1 Axes
 - Level 1.7 Throwing
 - Level 2.6 Dodging


You had 5 spell levels left.
You didn't know any spells.
Your spell library contained the following spells:

 Spells                   Type           Power      Damage    Failure   Level
 Static Discharge         Conj/Air       0%         N/A       56%         2
 Animate Armour           Summ/Erth      0%         N/A       99%         4
 Dispel Undead            Necr           0%         3d6       99%         4
 Sticky Flame             Conj/Fire      0%         2d3       99%         4
 Blade Hands              Tmut           0%         N/A       100%        5
 Iron Shot                Conj/Erth      0%         9d1       100%        6


Dungeon Overview and Level Annotations

Branches:
Dungeon (4/15)
 Temple: D:4-7

Altars:


Innate Abilities, Weirdness & Mutations

You are partially covered in icy blue scales. (AC +2)
You regenerate a little health from kills.


Message History

You slash the gnoll!
You kill the gnoll!
No target in view!
No target in view!
No target in view!
No target in view!
No target in view!
No target in view!
No target in view!
No target in view!
No target in view!
No target in view!
No target in view!
t - 2 ruby potions (gained 1)
You now have 137 gold pieces (gained 11).
You see here a +0 club.
Things that are here:
a +0 whip; a gnoll corpse
s - a scroll labelled GILEDE KANU
Things that are here:
a +0 whip; a gnoll corpse
Things that are here:
a +0 whip; a gnoll corpse You pick up a book of Touch and begin reading...
You add the spells Static Discharge, Sticky Flame and Dispel Undead to your library.
You open the gate.
There is an open gate here.
An ogre comes into view. It is wielding a +0 giant spiked club.
The ogre shouts!
The ogre closely misses you.
You see here a ring of poison resistance.
You hit the ogre but do no damage.
The ogre hits you with a +0 giant spiked club!!
You slash the ogre!
The ogre is heavily wounded.
You barely miss the ogre.
The ogre is heavily wounded.
The ogre hits you with a +0 giant spiked club!!
Ouch! That really hurt!
You die...

##......# #≈≈....#.#
........#....≈ #≈....'.#
†....>..#...≈≈ #≈≈...'.#
...)....#....≈# ##≈....'.#
###'#####....≈≈# ##≈≈....###
##......#≈....≈≈## ##≈≈....≈#
##.)....##.....≈≈###≈≈.....##
##......# #....O≈≈≈≈≈.....##
........####....@.≈......##
........##.##.$.........##
.......<#...##.........##
........#....##≈.....≈##
........#.....#########
........#..........#
##......#..........#
##......##.).#######
........##)[.##


You could see an ogre.

Vanquished Creatures
  A phantom (D:4)
  A hound (D:4)
  6 orc wizards
  6 adders
  7 gnolls
  2 worms
  2 dart slugs
  14 orcs
  11 ball pythons
  5 bats
  10 endoplasms
  4 giant cockroaches
  10 goblins
  7 hobgoblins
  4 jackals (D:1)
  6 kobolds
  3 quokkas
  6 frilled lizards
  9 rats
114 creatures vanquished.

Notes
Turn   | Place    | Note
-------+----------+-------------------------------------------
     0 | D:1      | Bnni the Demonspawn Gladiator began the quest for the Orb.
     0 | D:1      | Reached XP level 1. HP: 16/16 MP: 1/1
    51 | D:1      | Reached skill level 3 in Axes
    92 | D:1      | Gained mutation: You regenerate a little health from kills.
                  | [demonic ancestry]
    92 | D:1      | Reached XP level 2. HP: 22/22 MP: 2/2
   341 | D:1      | Reached XP level 3. HP: 28/28 MP: 3/3
   777 | D:1      | Found a faded altar of an unknown god.
  1008 | D:2      | Reached skill level 4 in Axes
  1008 | D:2      | Gained mutation: You are partially covered in icy blue
                  | scales. (AC +2) [demonic ancestry]
  1008 | D:2      | Reached XP level 4. HP: 14/34 MP: 4/4
  2440 | D:3      | Reached XP level 5. HP: 33/41 MP: 5/5
  2482 | D:3      | Identified the +1 ring mail "Jequnatz" {Stlth+}
  2614 | D:3      | Reached skill level 5 in Axes
  3130 | D:4      | Reached XP level 6. HP: 45/48 MP: 6/6
  3304 | D:4      | Reached skill level 6 in Axes
  3694 | D:4      | Slain by an ogre

Illustrated notes

Levels and vault maps discovered:
D:1:      minmay_arrival_arboretum_small, layout_basic,
          shapermc_ecumenical_altar_hornbeckon, roderic_malta_cross,
          kennysheep_decorative_pillar, minmay_split_cup_small
D:2:      layout_loops_ring, minmay_misc_feat_tiny, hangedman_decor_riveting
D:3:      layout_loops_ring, chequers_mini_garden, grunt_decor_clamped,
          minmay_close_crescents
D:4:      layout_gridville, kennysheep_donut

Skill      XL: |  1  2  3  4  5  6 |
---------------+-------------------+-----
Axes           | 3 4 5 6 |  6.1
Fighting       | 3 4 |  4.5
Throwing       | |  1.7
Dodging        | |  2.6

Action                   |  1- 3 |  4- 6 || total
-------------------------+-------+-------++-------
Melee: War axe           |   100 |   225 ||   325
       Punch             |       |     5 ||     5
Throw: Throwing net      |       |     1 ||     1
 Stab: Sleeping          |     1 |     2 ||     3
       Held in net/web   |       |     1 ||     1
Armor: Leather armour    |    32 |    35 ||    67
       Ring mail         |       |    88 ||    88
Dodge: Dodged            |    99 |   112 ||   211

Table legend: (Time is in decaauts)
 A = Elapsed time spent in this place.
 B = Non-inter-level travel time spent in this place.
 C = Inter-level travel time spent in this place.
 D = Time resting spent in this place.
 E = Time spent auto-exploring this place.
 F = Levels seen in this place.
 G = Mean time per level.
                   A        B        C        D        E       F      G
               +--------+--------+--------+--------+--------+-----+--------+
         Total |   3788 |   3693 |     95 |    170 |   2755 |   4 |  947.0 |
       Dungeon |   3788 |   3693 |     95 |    170 |   2755 |   4 |  947.0 |
               +--------+--------+--------+--------+--------+-----+--------+

Top non-repeatable levels by time:
     D:2: 1266 daAuts
     D:3: 1046 daAuts
     D:1: 841 daAuts
     D:4: 633 daAuts
